 Dungeon Crawl Stone Soup version 0.30-a0-263-ge22c4ad894 (webtiles) character file.

Game seed: 5250090465920107382

38 mopl the Covered (level 3, -1/33 HPs)
             Began as a Meteoran Fighter on Oct 13, 2022.
             Slain by an iguana (4 damage)
             ... on level 2 of the Dungeon.
             The game lasted 00:02:42 (832 turns).

mopl the Covered (Meteoran Fighter)                  Turns: 832, Time: 00:02:43

Health: -1/33      AC:  7    Str: 20    XL:     3   Next: 91%
Magic:  4/4        EV:  9    Int:  9    God:
Gold:   82         SH:  5    Dex: 13    Spells: 2/2 levels left

rFire   . . .      SeeInvis .    a - +0 flail
rCold   . . .      Faith    .    c - +0 buckler
rNeg    . . .      Spirit   .    b - +0 scale mail
rPois   .          Reflect  .    (no helmet)
rElec   .          Harm     .    (no cloak)
rCorr   .          Rampage  .    (no gloves)
Will    .....                    (no boots)
Stlth   ..........               (no amulet)
HPRegen 0.25/turn                (no ring)
MPRegen 0.09/turn                (no ring)

@: glowing
A: sense surroundings 1, otherworldly, glowing, explore regen
a: no special abilities


You were on level 2 of the Dungeon.
You visited 1 branch of the dungeon, and saw 2 of its levels.

You collected 82 gold pieces.

Inventory:

Hand Weapons
 a - a +0 flail (weapon)
Armour
 b - a +0 scale mail (worn)
 c - a +0 buckler (worn)
Scrolls
 e - 2 scrolls of summoning {unknown}
 h - 3 scrolls of silence {unknown}
 i - a scroll of brand weapon {unknown}
 k - a scroll of magic mapping {unknown}
Potions
 d - a potion of might
 f - 2 potions of curing {unknown}
 g - a potion of lignification {unknown}
 j - a potion of magic {unknown}
 l - a potion of degeneration {unknown}


   Skills:
 + Level 3.7 Fighting
 * Level 4.0 Maces & Flails
 + Level 4.1 Armour
 - Level 3.6 Shields


You had 2 spell levels left.
You didn't know any spells.
Your spell library was empty.

Dungeon Overview and Level Annotations

Branches:
Dungeon (2/15) Zot: 344

Altars:


Innate Abilities, Weirdness & Mutations

You passively map a small area around you.
You are easily found by Zot.
You glow in the dark.
You regain HP and MP as you explore.


Message History

No target in view!
Things that are here:
a +0 dagger; a kobold corpse
Found a gluggy clear potion.
Found a black potion.
f - 2 gluggy clear potions (gained 1)
l - a black potion An iguana comes into view.
The iguana hisses angrily.
The iguana moves out of view.
Found a scroll labelled AKHACK SIMU.
The iguana closely misses you.
You closely miss the iguana. The iguana bites you.
The iguana hisses menacingly.
The iguana bites you.
You barely miss the iguana. The iguana bites you!
You closely miss the iguana.
The iguana bites you but does no damage.
You barely miss the iguana.
The iguana bites you but does no damage.
You hit the iguana.
The iguana is lightly wounded.
The iguana bites you!
* * * LOW HITPOINT WARNING * * *
The iguana bites you.
* * * LOW HITPOINT WARNING * * *
You thump the iguana!
The iguana is heavily wounded.
The iguana bites you but does no damage.
You barely miss the iguana.
The iguana is heavily wounded.
You block the iguana's attack.
You hit the iguana but do no damage.
The iguana is heavily wounded.
The iguana bites you.
* * * LOW HITPOINT WARNING * * *
You barely miss the iguana.
The iguana is heavily wounded.
The iguana bites you.
You die...

, *#...... .. *
#......#.....#..# .# *
.#.#..#........# .#
...?......,#..# .#
#,#.....#.#.##..###.#
,
#.#...............<.##
#.#.....#.####........
.##....l.##.#
##.######
......#@###.#####.# **
, #.............#
#.......#######
###.........#
##...######.# *
##.###........ ..#
##.## #.####.# #.# ,
##.## #.# *.# #.#
*#..# .###.# ##.##


You could see an iguana.

Vanquished Creatures
  An adder (D:2)
  A worm (D:2)
  A dart slug (D:2)
  2 ball pythons
  2 endoplasms (D:2)
  5 giant cockroaches
  3 goblins
  A hobgoblin (D:1)
  A quokka (D:1)
  A bat (D:1)
  3 kobolds
  A rat (D:1)
22 creatures vanquished.

Notes
Turn   | Place    | Note
-------+----------+-------------------------------------------
     0 | D:1      | mopl the Meteoran Fighter began the quest for the Orb.
     0 | D:1      | Reached XP level 1. HP: 19/19 MP: 2/2
    74 | D:1      | Reached skill level 3 in Maces & Flails
    88 | D:1      | Reached XP level 2. HP: 26/26 MP: 3/3
   492 | D:1      | Glimpsed the power of Zot.
   542 | D:1      | Glimpsed the power of Zot.
   587 | D:2      | Reached XP level 3. HP: 17/31 MP: 4/4
   601 | D:2      | Reached skill level 4 in Armour
   747 | D:2      | Reached skill level 4 in Maces & Flails
   832 | D:2      | Slain by an iguana

Illustrated notes

Levels and vault maps discovered:
D:1:      giann_bridges, layout_loops_ring, minivault_27
D:2:      layout_loops_ring

Skill      XL: |  1  2  3 |
---------------+----------+-----
Maces & Flails | 3 4 |  4.0
Armour         | 4 |  4.1
Fighting       | |  3.7
Shields        | |  3.6

Action                   || total
-------------------------++-------
Melee: Flail             ||    82
Armor: Scale mail        ||    39
Dodge: Dodged            ||    22
Block: Buckler           ||    15

Table legend: (Time is in decaauts)
 A = Elapsed time spent in this place.
 B = Non-inter-level travel time spent in this place.
 C = Inter-level travel time spent in this place.
 D = Time resting spent in this place.
 E = Time spent auto-exploring this place.
 F = Levels seen in this place.
 G = Mean time per level.
                   A        B        C        D        E       F      G
               +--------+--------+--------+--------+--------+-----+--------+
         Total |    854 |    854 |      0 |      0 |    460 |   2 |  427.0 |
       Dungeon |    854 |    854 |      0 |      0 |    460 |   2 |  427.0 |
               +--------+--------+--------+--------+--------+-----+--------+

Top non-repeatable levels by time:
     D:1: 578 daAuts
     D:2: 276 daAuts
